 Dungeon Crawl Stone Soup version 0.27-a0-277-g024f7ef292 (webtiles) character file.

Game seed: 10601090159327232613

480 Borgoz the Skirmisher (level 7, 0/44 HPs)
             Began as a Gargoyle Berserker on Feb 6, 2021.
             Was a Believer of Trog.
             Slain by a phantom (4 damage)
             ... on level 4 of the Dungeon.
             The game lasted 00:03:35 (4309 turns).

Borgoz the Skirmisher (Gargoyle Berserker)          Turns: 4309, Time: 00:03:36

Health: 0/44       AC: 11    Str: 21    XL:     7   Next: 12%
Magic:  7/7        EV: 12    Int: 13    God:    Trog [**....]
Gold:   200        SH:  0    Dex: 11    Spells: 6/6 levels left

rFire    . . .     SeeInvis .   a - +0 mace
rCold    + . .     Faith    .   (no shield)
rNeg     + . .     Spirit   .   q - +2 leather armour {rC+}
rPois    ∞         Reflect  .   (no helmet)
rElec    +         Harm     .   (no cloak)
rCorr    .         Rampage  .   (no gloves)
Will     ++...                  h - +0 pair of boots
Stlth    +.........             (no amulet)
HPRegen  1.14/turn              (no ring)
MPRegen  0.10/turn              t - +6 ring of intelligence

@: berserk cooldown, regenerating, slowed, very slow
A: negative energy resistance 1, electricity resistance, unbreathing,
petrification resistance, miasma immunity, AC +4
a: Renounce Religion, Berserk, Trog's Hand


You were on level 4 of the Dungeon.
You worshipped Trog.
Trog was pleased with you.
You visited 1 branch of the dungeon, and saw 4 of its levels.

You collected 200 gold pieces.

Inventory:

Hand Weapons
 a - a +0 mace (weapon)
Armour
 h - a +0 pair of boots (worn)
 q - a +2 leather armour of cold resistance (worn)
 u - a +0 pair of gloves
Jewellery
 t - a +6 ring of intelligence (right hand)
Wands
 p - a wand of acid (7)
Scrolls
 d - 2 scrolls of teleportation {unknown}
 e - a scroll of fog {unknown}
 f - 3 scrolls of magic mapping {unknown}
 g - a scroll of fear {unknown}
 l - 3 scrolls of remove curse
 n - a scroll of immolation {unknown}
 o - 2 scrolls of blinking {unknown}
 r - a scroll of amnesia {unknown}
 s - 2 scrolls of identify {unknown}
Potions
 b - 4 potions of curing {unknown}
 c - a potion of attraction {unknown}
 i - a potion of might {unknown}
 j - 2 potions of heal wounds {unknown}
 k - a potion of berserk rage {unknown}
 m - a potion of flight {unknown}


   Skills:
 + Level 5.0 Fighting
 + Level 4.7 Maces & Flails
 + Level 4.4 Armour
 + Level 3.3 Dodging


You had 6 spell levels left.
You didn't know any spells.
Your spell library was empty.

Dungeon Overview and Level Annotations

Branches:
Dungeon (4/15)
 Temple: D:4-7

Altars:
Ashenzari
Dithmenos
Gozag
Trog

Shops:
D:3 *


Innate Abilities, Weirdness & Mutations

You are resistant to torment.
Your stone body is resilient. (AC +4)
You are immune to poison.
You resist negative energy. (rN+)
You are resistant to electric shocks. (rElec)
You can survive without breathing.
You are immune to petrification.
You are immune to miasma.


Message History

You sock the phantom!
The phantom is heavily damaged.
You are no longer berserk.
You are exhausted.
You feel yourself slow down.
The bullfrog skeleton hits you but does no damage.
Okay, then.
Your skin crawls.
You feel strong-willed. The bullfrog skeleton hits you.
* * * LOW HITPOINT WARNING * * *
The phantom barely misses you. The bullfrog skeleton hits you.
* * * LOW HITPOINT WARNING * * *
The phantom closely misses you.
You hit the phantom.
The phantom is severely damaged.
The bullfrog skeleton hits you.
* * * LOW HITPOINT WARNING * * *
The phantom hits you.
You die...

#........# .. .........#.#
#........#.#. ...#<....#.#
.........#.#. ...##......# .
#........#.#.#...##......# ..
#........#.#.#.$.#####...# .#
#........#.#.#...# #.#.#..##
#........#.#.#...#####.#......
#...........W.Z..##.......#.##
.....o..#.###@#.###...=.......
.#####..#...#...)##..†..#...##
.....#...#....##.....##..#
#..#.#o..#.##........# ..#
#..#⌠.##'##.⌠#........# .>..
....#.........#....##### .###
.#.###.......###.#.#
#...........#...
+..._...+...+.....


You could see a phantom and a bullfrog skeleton.

Vanquished Creatures
  2 big kobolds (D:3)
  3 orc priests
  A bullfrog skeleton (D:4)
  Ijyb (D:3)
  Terence (D:2)
  An orc wizard (D:4)
  Robin (D:2)
  5 adders
  6 worms
  A dart slug (D:2)
  6 orcs
  7 bats
  3 giant cockroaches (D:1)
  12 goblins
  11 hobgoblins
  12 kobolds
  2 quokkas
  2 frilled lizards (D:3)
  A jackal skeleton (D:4)
  7 rats
85 creatures vanquished.

Notes
Turn   | Place    | Note
-------+----------+-------------------------------------------
     0 | D:1      | Borgoz the Gargoyle Berserker began the quest for the Orb.
     0 | D:1      | Reached XP level 1. HP: 14/14 MP: 1/1
   293 | D:1      | Reached XP level 2. HP: 17/19 MP: 2/2
  1216 | D:2      | Reached XP level 3. HP: 18/24 MP: 3/3
  1290 | D:2      | Noticed Terence
  1303 | D:2      | Killed Terence
  1421 | D:2      | Reached XP level 4. HP: 26/29 MP: 4/4
  1616 | D:2      | Reached ** piety under Trog
  1633 | D:2      | Noticed Robin
  1644 | D:2      | Reached skill level 4 in Fighting
  1661 | D:2      | Killed Robin
  2573 | D:3      | Noticed Ijyb
  2581 | D:3      | Killed Ijyb
  2582 | D:3      | Reached XP level 5. HP: 24/33 MP: 5/5
  3436 | D:3      | Noticed a big kobold
  3454 | D:3      | Killed a big kobold
  3455 | D:3      | Reached XP level 6. HP: 19/39 MP: 6/6
  3694 | D:3      | Found a shadowy altar of Dithmenos.
  3768 | D:3      | Found a bloodstained altar of Trog.
  3867 | D:3      | Found an opulent altar of Gozag.
  3869 | D:3      | Found Gozag's Platinum Reserve.
  4254 | D:4      | Found a broken altar of Ashenzari.
  4299 | D:4      | Reached skill level 5 in Fighting
  4299 | D:4      | Reached XP level 7. HP: 13/44 MP: 7/7
  4309 | D:4      | Slain by a phantom

Illustrated notes

Levels and vault maps discovered:
D:1:      amcnicky_arrival_flooded_fountain, layout_basic, serial_bayou_pond_d,
          kennysheep_decorative_pillar
D:2:      layout_basic, minmay_surrounded, uniq_robin, uniq_terence
D:3:      cheibrodos_thug_alley, layout_basic, marbit_many_paths,
          lemuel_doored_altar, nicolae_gozag_zags_fifth_avenue, uniq_ijyb
D:4:      layout_basic, evilmike_ruin_ashenzari, gammafunk_ghost_icy,
          minmay_pentangle, uniq_blork_the_orc

Skill      XL: |  1  2  3  4  5  6 |
---------------+-------------------+-----
Dodging        | 2 3 |  3.3
Armour         | 3 4 |  4.4
Fighting       | 4 5 |  5.0
Maces & Flails | 4 |  4.7

Action                   |  1- 3 |  4- 6 |  7- 9 || total
-------------------------+-------+-------+-------++-------
Melee: Mace              |    95 |   219 |     9 ||   323
Invok: Berserk           |     1 |     6 |       ||     7
       Trog's Hand       |       |       |     1 ||     1
  Use: Scroll            |       |     1 |       ||     1
Armor: Animal skin       |     7 |       |       ||     7
       Ring mail         |    36 |    55 |       ||    91
       Leather armour    |       |    72 |     8 ||    80
Dodge: Dodged            |    74 |   149 |     7 ||   230

Table legend: (Time is in decaauts)
 A = Elapsed time spent in this place.
 B = Non-inter-level travel time spent in this place.
 C = Inter-level travel time spent in this place.
 D = Time resting spent in this place.
 E = Time spent auto-exploring this place.
 F = Levels seen in this place.
 G = Mean time per level.
                   A        B        C        D        E       F      G
               +--------+--------+--------+--------+--------+-----+--------+
         Total |   4410 |   4298 |    112 |    541 |   2980 |   4 | 1102.5 |
       Dungeon |   4410 |   4298 |    112 |    541 |   2980 |   4 | 1102.5 |
               +--------+--------+--------+--------+--------+-----+--------+

Top non-repeatable levels by time:
     D:3: 1713 daAuts
     D:2: 1395 daAuts
     D:1: 1218 daAuts
     D:4: 82 daAuts
